[ AOE2 MATCH · #506584135 ]
UnrankedBritons vs Vikings
Player's team · WIN
Rival team · LOSS
[ REPLAY ANALYSIS · EXTRACTED FROM THE RECORDED GAME ]
Feudal
10:02
Castle
26:24
Imperial
39:33
| APM avg | 43.4 |
| APM peak | 141 |
| eAPM avg | 22.2 |
| Villagers / military | 115 / 150 |
Focus
⚔️ 30.5% · 🌾 69.5%
Archer ×59 · Scout Cavalry ×57 · Knight ×18 · Trebuchet (Packed) ×7 · Skirmisher ×5 · Longbowman ×2
Feudal
11:08
Castle
26:58
Imperial
41:26
| APM avg | 51.1 |
| APM peak | 92 |
| eAPM avg | 25.9 |
| Villagers / military | 125 / 156 |
Focus
⚔️ 34.7% · 🌾 65.3%
Skirmisher ×84 · Berserk ×25 · Archer ×18 · Militia ×12 · Petard ×6 · Spearman ×6
Match map
Initial resources + every placement click. Lines = walls · curves = elevation contours. ◆ gold · ⬟ stone · ● berries · ✦ relic · ◌ wall gap
Your base· ✓ Closed at 26:24 · 26t walls · 1 gate(s)
Duc Duong's base· Open — unwalled flank
Smoothed initial terrain · ◌ = detected wall gap · hover for details
Inputs per minute
— Super Noob - - Duc Duong
Build order — Super Noob
First 150 of 417 actions detected
| 0:01 | Queue | Villager (Male) |
| 0:01 | Queue | Villager (Male) |
| 0:01 | Queue | Villager (Male) |
| 0:02 | Queue | Villager (Male) |
| 0:02 | Queue | Villager (Male) |
| 0:03 | Build | House |
| 0:07 | Build | House |
| 1:17 | Queue | Villager (Male) |
| 1:52 | Queue | Villager (Male) |
| 1:52 | Queue | Villager (Male) |
| 2:30 | Queue | Villager (Male) |
| 2:30 | Queue | Villager (Male) |
| 2:31 | Queue | Villager (Male) |
| 2:36 | Build | Lumber Camp |
| 3:22 | Queue | Villager (Male) |
| 3:38 | Build | House |
| 4:05 | Queue | Villager (Male) |
| 4:20 | Queue | Villager (Male) |
| 4:28 | Build | House |
| 4:44 | Build | Palisade Wall |
| 4:45 | Build | Palisade Wall |
| 4:54 | Queue | Villager (Male) |
| 4:54 | Queue | Villager (Male) |
| 4:54 | Queue | Villager (Male) |
| 5:09 | Build | Mill |
| 6:09 | Queue | Villager (Male) |
| 6:37 | Queue | Villager (Male) |
| 6:44 | Build | Lumber Camp |
| 6:52 | Queue | Villager (Male) |
| 7:04 | Research | Loom |
| 7:11 | Build | Palisade Wall |
| 7:19 | Build | House |
| 7:22 | Build | Palisade Wall |
| 7:39 | Build | Palisade Gate |
| 7:45 | Research | Feudal Age |
| 8:14 | Build | Barracks |
| 8:18 | Build | Palisade Wall |
| 8:19 | Build | Palisade Wall |
| 8:42 | Build | Palisade Wall |
| 9:21 | Build | House |
| 9:28 | Build | House |
| 9:36 | Build | House |
| 9:39 | Queue | Villager (Male) |
| 9:47 | Build | House |
| 9:54 | Build | House |
| 10:02 | Age | Feudal Age |
| 10:08 | Build | Archery Range |
| 10:12 | Queue | Villager (Male) |
| 10:12 | Queue | Villager (Male) |
| 10:21 | Build | Palisade Wall |
| 10:30 | Queue | Villager (Male) |
| 10:37 | Queue | Villager (Male) |
| 10:46 | Queue | Skirmisher |
| 10:47 | Queue | Skirmisher |
| 10:47 | Queue | Skirmisher |
| 11:10 | Build | Farm |
| 11:11 | Build | Farm |
| 11:19 | Queue | Archer |
| 11:20 | Build | Farm |
| 11:35 | Build | House |
| 11:49 | Build | Farm |
| 11:53 | Queue | Skirmisher |
| 12:05 | Queue | Villager (Male) |
| 12:14 | Build | House |
| 12:18 | Queue | Skirmisher |
| 12:27 | Build | Farm |
| 12:29 | Build | Farm |
| 12:31 | Queue | Villager (Male) |
| 12:36 | Build | Blacksmith |
| 12:49 | Build | Farm |
| 12:50 | Build | Farm |
| 13:03 | Build | House |
| 13:10 | Queue | Villager (Male) |
| 13:11 | Queue | Villager (Male) |
| 13:13 | Build | Mining Camp |
| 13:18 | Build | Farm |
| 13:39 | Queue | Villager (Male) |
| 13:48 | Build | House |
| 13:56 | Queue | Villager (Male) |
| 14:03 | Queue | Villager (Male) |
| 14:04 | Build | Farm |
| 14:09 | Build | Farm |
| 14:20 | Build | House |
| 14:24 | Build | Lumber Camp |
| 14:38 | Build | House |
| 14:41 | Queue | Villager (Male) |
| 14:49 | Build | Palisade Wall |
| 14:55 | Queue | Villager (Male) |
| 15:03 | Queue | Archer |
| 15:04 | Queue | Archer |
| 15:31 | Build | Farm |
| 15:34 | Queue | Villager (Male) |
| 15:38 | Queue | Archer |
| 15:52 | Build | House |
| 16:02 | Build | House |
| 16:15 | Queue | Villager (Male) |
| 16:17 | Build | Mining Camp |
| 16:38 | Research | Fletching |
| 16:41 | Queue | Archer |
| 16:41 | Queue | Archer |
| 16:59 | Build | Archery Range |
| 17:33 | Queue | Archer |
| 17:43 | Queue | Villager (Male) |
| 17:43 | Queue | Archer |
| 17:54 | Queue | Archer |
| 17:54 | Queue | Archer |
| 17:55 | Build | Farm |
| 18:08 | Queue | Archer |
| 18:21 | Queue | Villager (Male) |
| 18:32 | Queue | Villager (Male) |
| 18:35 | Queue | Archer |
| 18:35 | Queue | Archer |
| 18:51 | Queue | Archer |
| 18:54 | Build | Farm |
| 18:57 | Queue | Villager (Male) |
| 19:07 | Queue | Villager (Male) |
| 19:19 | Build | Mining Camp |
| 19:24 | Queue | Archer |
| 19:47 | Build | Mining Camp |
| 19:55 | Build | Farm |
| 19:57 | Build | Farm |
| 20:03 | Queue | Archer ×2 |
| 20:05 | Build | Farm |
| 20:22 | Build | House |
| 20:27 | Build | Palisade Wall |
| 21:01 | Queue | Archer |
| 21:02 | Queue | Archer |
| 21:14 | Build | Farm |
| 21:16 | Build | Farm |
| 21:21 | Queue | Archer |
| 21:22 | Queue | Archer |
| 21:24 | Queue | Villager (Male) |
| 21:35 | Build | Watch Tower |
| 21:43 | Research | Padded Archer Armor |
| 22:09 | Queue | Archer |
| 22:26 | Queue | Villager (Male) |
| 22:36 | Queue | Villager (Male) |
| 22:40 | Build | Palisade Wall |
| 22:41 | Build | Palisade Wall |
| 22:45 | Build | House |
| 22:48 | Build | Palisade Wall |
| 23:00 | Build | Market |
| 23:04 | Queue | Villager (Male) |
| 23:19 | Queue | Villager (Male) |
| 23:24 | Build | Farm |
| 23:42 | Research | Castle Age |
| 24:10 | Queue | Archer |
| 24:11 | Queue | Archer |
| 24:39 | Build | Stable |
| 24:43 | Queue | Archer |
Build order — Duc Duong
First 150 of 478 actions detected
| 0:02 | Build | House |
| 0:02 | Queue | Villager (Male) |
| 0:03 | Queue | Villager (Male) |
| 0:04 | Build | House |
| 0:08 | Queue | Villager (Male) |
| 0:09 | Queue | Villager (Male) |
| 1:40 | Queue | Villager (Male) |
| 1:40 | Queue | Villager (Male) |
| 1:59 | Build | Lumber Camp |
| 1:59 | Queue | Villager (Male) |
| 2:18 | Queue | Villager (Male) |
| 2:18 | Queue | Villager (Male) |
| 2:46 | Queue | Villager (Male) |
| 2:46 | Queue | Villager (Male) |
| 3:11 | Queue | Villager (Male) |
| 3:37 | Queue | Villager (Male) |
| 3:38 | Queue | Villager (Male) |
| 3:51 | Build | House |
| 4:06 | Queue | Villager (Male) |
| 4:07 | Queue | Villager (Male) |
| 4:34 | Queue | Villager (Male) |
| 4:34 | Queue | Villager (Male) |
| 4:43 | Build | Barracks |
| 5:00 | Queue | Villager (Male) |
| 5:00 | Queue | Villager (Male) |
| 5:23 | Queue | Villager (Male) |
| 5:23 | Queue | Villager (Male) |
| 5:27 | Build | House |
| 5:49 | Queue | Militia |
| 5:49 | Queue | Militia |
| 5:49 | Queue | Militia |
| 6:11 | Queue | Villager (Male) |
| 6:24 | Build | Palisade Wall |
| 6:49 | Queue | Villager (Male) |
| 7:15 | Build | Mill |
| 7:22 | Build | House |
| 7:24 | Queue | Villager (Male) |
| 7:25 | Queue | Villager (Male) |
| 8:58 | Research | Feudal Age |
| 8:59 | Research | Feudal Age |
| 9:03 | Build | Mining Camp |
| 9:54 | Build | House |
| 10:27 | Build | Barracks |
| 10:31 | Build | Farm |
| 10:54 | Build | Mining Camp |
| 11:08 | Age | Feudal Age |
| 11:11 | Queue | Villager (Male) |
| 11:11 | Queue | Villager (Male) |
| 11:24 | Research | Man-at-Arms (upgrade) |
| 11:24 | Research | Man-at-Arms (upgrade) |
| 11:24 | Research | Arson |
| 11:25 | Research | Arson |
| 11:34 | Build | House |
| 11:46 | Queue | Militia |
| 11:47 | Queue | Militia |
| 11:51 | Build | Watch Tower |
| 12:01 | Queue | Villager (Male) |
| 12:04 | Build | Blacksmith |
| 12:05 | Queue | Villager (Male) |
| 13:01 | Research | Loom |
| 13:02 | Research | Loom |
| 13:02 | Queue | Villager (Male) |
| 13:02 | Queue | Villager (Male) |
| 13:06 | Build | Farm |
| 13:07 | Build | Farm |
| 13:33 | Build | Watch Tower |
| 13:46 | Queue | Villager (Male) |
| 13:50 | Build | Farm |
| 13:52 | Build | Farm |
| 14:14 | Build | Watch Tower |
| 14:29 | Queue | Villager (Male) |
| 14:36 | Build | House |
| 14:38 | Build | Palisade Wall |
| 14:43 | Build | Palisade Wall |
| 14:50 | Build | Palisade Wall |
| 14:51 | Build | Palisade Wall |
| 14:52 | Queue | Villager (Male) |
| 14:52 | Queue | Villager (Male) |
| 15:19 | Queue | Villager (Male) |
| 15:23 | Build | Farm |
| 15:29 | Build | Farm |
| 15:45 | Build | Farm |
| 15:48 | Build | Farm |
| 15:48 | Queue | Villager (Male) |
| 16:03 | Build | Watch Tower |
| 16:19 | Queue | Villager (Male) |
| 16:21 | Build | Farm |
| 16:57 | Research | Fletching |
| 16:58 | Research | Fletching |
| 17:00 | Queue | Militia |
| 17:58 | Research | Scale Mail Armor |
| 17:58 | Research | Scale Mail Armor |
| 18:08 | Queue | Militia |
| 18:09 | Queue | Militia |
| 18:09 | Queue | Militia |
| 18:09 | Queue | Militia |
| 18:20 | Build | Farm |
| 18:21 | Build | Farm |
| 18:22 | Build | Farm |
| 18:51 | Queue | Villager (Male) |
| 18:51 | Queue | Villager (Male) |
| 18:51 | Queue | Villager (Male) |
| 18:59 | Build | Archery Range |
| 19:12 | Build | Watch Tower |
| 19:38 | Queue | Militia |
| 19:39 | Queue | Villager (Male) |
| 19:42 | Research | Forging |
| 19:42 | Research | Forging |
| 19:45 | Queue | Militia |
| 19:56 | Queue | Skirmisher |
| 19:56 | Queue | Skirmisher |
| 20:04 | Build | Farm |
| 20:04 | Build | Farm |
| 20:06 | Build | Farm |
| 20:10 | Build | Watch Tower |
| 20:44 | Research | Padded Archer Armor |
| 20:45 | Research | Padded Archer Armor |
| 20:46 | Queue | Skirmisher |
| 21:16 | Queue | Skirmisher |
| 21:17 | Queue | Villager (Male) |
| 21:20 | Queue | Skirmisher |
| 22:29 | Queue | Villager (Male) |
| 22:34 | Build | Farm |
| 22:35 | Queue | Villager (Male) |
| 23:05 | Build | Market |
| 23:06 | Queue | Villager (Male) |
| 23:09 | Build | Farm |
| 23:44 | Queue | Villager (Male) |
| 24:00 | Queue | Skirmisher |
| 24:18 | Research | Castle Age |
| 24:18 | Research | Castle Age |
| 24:37 | Queue | Skirmisher |
| 24:37 | Queue | Skirmisher |
| 24:38 | Queue | Skirmisher |
| 25:07 | Build | Watch Tower |
| 25:15 | Research | Double-Bit Axe |
| 25:16 | Research | Double-Bit Axe |
| 25:17 | Queue | Skirmisher |
| 25:17 | Queue | Skirmisher |
| 26:01 | Build | Mining Camp |
| 26:07 | Build | Lumber Camp |
| 26:11 | Queue | Skirmisher |
| 26:23 | Build | House |
| 26:25 | Queue | Villager (Male) |
| 26:58 | Age | Castle Age |
| 27:00 | Build | Castle |
| 27:05 | Queue | Villager (Male) |
| 27:25 | Build | Town Center |
| 27:38 | Queue | Villager (Male) |
| 27:45 | Research | Bow Saw |
Match timeline
| 4:43 | Duc Duong · first_building Barracks |
| 4:44 | Super Noob · wall_segment Palisade Wall x1 |
| 4:45 | Super Noob · wall_segment Palisade Wall x1 |
| 6:24 | Duc Duong · wall_segment Palisade Wall x5 |
| 7:11 | Super Noob · wall_segment Palisade Wall x6 |
| 7:22 | Super Noob · wall_segment Palisade Wall x3 |
| 8:14 | Super Noob · first_building Barracks |
| 8:18 | Super Noob · wall_segment Palisade Wall x1 |
| 8:19 | Super Noob · wall_segment Palisade Wall x1 |
| 8:42 | Super Noob · wall_segment Palisade Wall x3 |
| 10:02 | Super Noob · age_up feudal |
| 10:08 | Super Noob · first_building Archery Range |
| 10:21 | Super Noob · wall_segment Palisade Wall x1 |
| 11:08 | Duc Duong · age_up feudal |
| 14:38 | Duc Duong · wall_segment Palisade Wall x5 |
| 14:43 | Duc Duong · wall_segment Palisade Wall x3 |
| 14:49 | Super Noob · wall_segment Palisade Wall x5 |
| 14:50 | Duc Duong · wall_segment Palisade Wall x14 |
| 14:51 | Duc Duong · wall_segment Palisade Wall x1 |
| 18:59 | Duc Duong · first_building Archery Range |
| 20:27 | Super Noob · wall_segment Palisade Wall x1 |
| 22:40 | Super Noob · wall_segment Palisade Wall x1 |
| 22:41 | Super Noob · wall_segment Palisade Wall x1 |
| 22:48 | Super Noob · wall_segment Palisade Wall x1 |
| 24:39 | Super Noob · first_building Stable |
| 25:06 | Super Noob · first_market_buy 100 wood |
| 26:24 | Super Noob · age_up castle |
| 26:58 | Duc Duong · age_up castle |
| 27:00 | Duc Duong · first_building Castle |
| 27:50 | Super Noob · first_market_sell 100 food |
| 28:11 | Super Noob · first_building Castle |
| 34:41 | Duc Duong · first_market_buy 100 stone |
| 38:04 | Duc Duong · first_market_sell 100 wood |
| 38:11 | Super Noob · first_building Siege Workshop |
| 39:33 | Super Noob · age_up imperial |
| 41:26 | Duc Duong · age_up imperial |
| 49:42 | Super Noob · first_building Monastery |
| 54:31 | Duc Duong · resign |
[ AI ANALYSIS · 1 CREDIT ]
What really happened in this match?
Wolo.gg analyzes every decision: build order, eco, micro, common mistakes by bracket. Personalized analysis on WhatsApp or Discord in 30 seconds.
Civ guide
Britons
Perfil
G89